 Dungeon Crawl Stone Soup version 0.21.1-1-g345015f (webtiles) character file.

2178 tidbits the Magician (level 9, 69/69 HPs)
             Began as a Gnoll Skald on June 22, 2018.
             Quit the game on level 7 of the Dungeon.
             The game lasted 00:20:55 (1892 turns).

tidbits the Magician (Gnoll Skald)                  Turns: 1892, Time: 00:20:56

Health: 69/69      AC: 11    Str: 13    XL:     9   Next: 33%
Magic:  27/27      EV: 16    Int: 18    God:
Gold:   161        SH:  0    Dex: 16    Spells: 10/21 levels left

rFire    + . .     SeeInvis .   h - +0 war axe
rCold    + . .     Gourm    .   (no shield)
rNeg     . . .     Faith    .   B - +2 leather armour "Qycorigach" {Regen+}
rPois    .         Spirit   .   E - +0 helmet
rElec    .         Reflect  .   C - +2 cloak
rCorr    .         Harm     .   G - +0 pair of gloves
MR       .....                  (no boots)
Stlth    ++........             (no amulet)
HPRegen  0.61/turn              g - ring of magical power
MPRegen  0.20/turn              s - ring of Luunweamn {rF+ rC+}

@: no status effects
A: distributed training, fangs 1, strong nose
a: no special abilities


You were on level 7 of the Dungeon.
You were not hungry.

You visited 1 branch of the dungeon, and saw 7 of its levels.
You also visited: Bailey.

You collected 161 gold pieces.

Inventory:

Hand Weapons
 a - a +1 hand axe
 h - a +0 war axe (weapon)
 w - a +0 flail
Missiles
 i - 27 arrows
 r - 5 tomahawks (quivered)
 t - 2 throwing nets {!f}
Armour
 b - a +0 leather armour
 f - a +0 ring mail
 p - a +0 cloak
 x - a scarf of spirit shield
   (You found it on level 4 of the Dungeon)
 y - a +1 ring mail of fire resistance
   (You took it off an orc on level 5 of the Dungeon)
 B - the +2 leather armour "Qycorigach" (worn) {Regen+}
   (You took it off an orc on level 5 of the Dungeon)

   It increases your rate of regeneration.
 C - a +2 cloak (worn)
 D - a +0 leather armour
 E - a +0 helmet (worn)
 G - a +0 pair of gloves (worn)
Jewellery
 g - a ring of magical power (left hand)
   (You found it on level 1 of the Dungeon)
 k - an uncursed ring of protection from cold
   (You found it on level 1 of the Dungeon)
 m - a +1 ring of evasion
   (You found it on level 6 of the Dungeon)
 s - the ring of Luunweamn (right hand) {rF+ rC+}
   (You found it on level 4 of the Dungeon)

   [ring of protection from cold]

   It protects you from fire.
   It protects you from cold.
 u - an uncursed ring of protection from fire
   (You found it on level 3 of the Dungeon)
 K - an uncursed ring of resist corrosion
   (You found it on level 3 of the Dungeon)
Wands
 z - a wand of flame (20)
Scrolls
 e - 3 scrolls of immolation
 j - a scroll of enchant armour
 l - 2 scrolls of amnesia
 n - a scroll of random uselessness
 q - 3 scrolls of teleportation
 F - a scroll of enchant weapon
Potions
 o - a potion of flight
 v - a potion of curing {unknown}
 A - a potion of heal wounds {unknown}
 H - a potion of might
Books
 d - a book of Battle

   Spells                             Type                      Level
   a - Infusion                       Charms                       1
   b - Shroud of Golubria             Charms/Translocation         2
   c - Song of Slaying                Charms                       2
   d - Spectral Weapon                Hexes/Charms                 3
   e - Regeneration                   Charms/Necromancy            3
Comestibles
 c - 10 rations


   Skills:
 + Level 6.2 Fighting
 + Level 4.0 Short Blades
 + Level 4.0 Long Blades
 + Level 6.2 Axes
 + Level 4.0 Maces & Flails
 + Level 4.0 Polearms
 + Level 4.0 Staves
 + Level 4.0 Slings
 + Level 4.0 Bows
 + Level 4.0 Crossbows
 + Level 4.0 Throwing
 + Level 4.9 Armour
 + Level 6.2 Dodging
 + Level 4.0 Stealth
 + Level 4.0 Shields
 + Level 4.0 Unarmed Combat
 + Level 6.5 Spellcasting
 + Level 3.3 Conjurations
 + Level 3.3 Hexes
 + Level 6.4 Charms
 + Level 3.3 Summonings
 + Level 3.3 Necromancy
 + Level 3.3 Translocations
 + Level 3.3 Transmutations
 + Level 3.3 Fire Magic
 + Level 3.3 Ice Magic
 + Level 3.3 Air Magic
 + Level 3.3 Earth Magic
 + Level 3.3 Poison Magic
 + Level 4.5 Invocations
 + Level 4.0 Evocations


You had 10 spell levels left.
You knew the following spells:

 Your Spells              Type           Power        Failure   Level  Hunger
g - Shroud of Golubria    Chrm/Tloc      ###.......   2%          2    None
i - Infusion              Chrm           ####         1%          1    None
r - Regeneration          Chrm/Necr      ###.......   5%          3    ##.....
w - Spectral Weapon       Hex/Chrm       ###.....     5%          3    ##.....
y - Song of Slaying       Chrm           ####....     1%          2    None


Dungeon Overview and Level Annotations

Branches:
Dungeon (7/15)
 Temple: D:4-7

Altars:
Ashenzari
Vehumet
Wu Jian
Xom
The Shining One


Innate Abilities, Weirdness & Mutations

Your experience applies equally to all skills.
You have very sharp teeth.
Your uncanny sense of smell can sniff out nearby items.


Message History

You slash the orc!
You kill the orc!
Things that are here:
a dagger; a robe; an orc corpse You swap places.
Things that are here:
a long sword; a plate armour; an orc corpse You butcher the orc corpse.
Your skin stops crawling.
Your shroud unravels.
Things that are here:
a long sword; a plate armour; 3 chunks of flesh
Casting: Regeneration
Confirm with . or Enter, or press ? or * to list all spells.
Your skin crawls.
Eat one of 3 chunks of flesh? (ye/n/q)
You eat one of the 3 chunks of flesh.
This raw flesh tastes terrible.
There is an open door, spattered with blood here.
Items here: ))) [[ †††
Okay, then.
Your song is almost over.
Found a scroll of teleportation.
Your spectral weapon fades away.
Your skin is crawling a little less now.
Your song has ended.
You see here a scroll of teleportation.
q - a scroll of teleportation Your skin stops crawling.
A bullfrog zombie comes into view.
The bullfrog zombie completely misses you.
The bullfrog zombie misses you.
You hit the bullfrog zombie. You bite the bullfrog zombie.
The bullfrog zombie is lightly damaged.
The bullfrog zombie closely misses you.
You slash the bullfrog zombie!
The bullfrog zombie is heavily damaged.
The bullfrog zombie hits you but does no damage.
The bullfrog zombie closely misses you.
You closely miss the bullfrog zombie.
The bullfrog zombie is heavily damaged.
The bullfrog zombie barely misses you.
You hit the bullfrog zombie.
The bullfrog zombie is heavily damaged.
The bullfrog zombie hits you but does no damage. x2
You slash the bullfrog zombie!
The bullfrog zombie is almost destroyed.
The bullfrog zombie hits you but does no damage.
You hit the bullfrog zombie.
You destroy the bullfrog zombie!
As you open the large door, it creaks loudly!
Found two altars.
As you read the scroll of teleportation, it crumbles to dust.
You feel strangely unstable.
Unknown command.
Your surroundings suddenly seem different.
A howler monkey comes into view.
Casting: Regeneration
Confirm with . or Enter, or press ? or * to list all spells.
You draw out your weapon's spirit!
The helpless howler monkey fails to defend itself.
You slash the howler monkey!
The howler monkey is severely wounded.
Your spectral weapon barely misses the howler monkey.
The howler monkey closely misses you.
You closely miss the howler monkey.
The howler monkey is severely wounded.
Your spectral weapon hits the howler monkey!
You kill the howler monkey!
Magic restored.
Unknown command.
Your spectral weapon fades away.
Unknown command.
Found 3 scrolls of teleportation.
You see here 3 scrolls of teleportation.
q - 3 scrolls of teleportation An adder comes into view.
The helpless adder fails to defend itself.
You hit the adder. Your bite misses the adder.
The adder is lightly wounded.
The adder closely misses you. The adder bites you but does no damage.
You miss the adder.
The adder is lightly wounded.
The adder bites you.
You hit the adder but do no damage.
The adder is lightly wounded.
The adder barely misses you.
You hit the adder.
The adder is moderately wounded.
The adder misses you. The adder closely misses you.
You closely miss the adder.
The adder is moderately wounded.
The adder completely misses you. The adder misses you.
You slash the adder!
You kill the adder!
Found a stone staircase leading down.
There is a stone staircase leading down here.
You climb downwards.
There is a stone staircase leading up here.
Unknown command.
Are you sure you want to abandon this character and quit the game? (Confirm with "yes".)

..#.# #.#.# #.#.## #.#)#.#
#####.#.##.# #...#.#.# #.#
#.#.#.#.# #.##
....#.#.#####.###################
#.#.......(.....@................
#.#.#.#.#######.#################
#.#.#....................
.<..#>.............#####
#####.#.............#####
...#...........#.....#
#####.#...........#.....#
..................#.....#
..................##....#


There were no monsters in sight!

Vanquished Creatures
  Grinder (D:3)
  The ghost of tidbits the Charmwright, an amateur GnSk (D:6)
  3 orc warriors
  An ice beast (D:6)
  2 necrophages
  A phantom (D:5)
  2 ogres
  A bullfrog (D:6)
  A scorpion (D:5)
  A howler monkey (D:6)
  2 crimson imps (D:6)
  A jelly (D:3)
  A bullfrog zombie (D:6)
  7 orc priests
  3 hounds
  7 orc wizards
  3 worker ants
  2 hound skeletons (D:4)
  A howler monkey skeleton (D:7)
  8 adders
  An ooze (D:4)
  A worm (D:2)
  A dart slug (D:2)
  5 leopard geckos
  18 orcs
  2 bats
  2 giant cockroaches
  3 hobgoblins
  9 jackals
  4 quokkas
  8 goblins
  A jackal skeleton (D:4)
  A jackal zombie (D:7)
  4 kobolds
  4 rats
113 creatures vanquished.

Vanquished Creatures (others)
  A spectral weapon (D:7)
1 creature vanquished.

Grand Total: 114 creatures vanquished

Notes
Turn   | Place    | Note
-------+----------+-------------------------------------------
     0 | D:1      | tidbits the Gnoll Skald began the quest for the Orb.
     0 | D:1      | Reached XP level 1. HP: 20/20 MP: 6/6
   135 | D:1      | Reached XP level 2. HP: 10/26 MP: 7/7
   136 | D:1      | Reached XP level 3. HP: 11/31 MP: 7/9
   141 | D:1      | Learned a level 3 spell: Regeneration
   145 | D:1      | Learned a level 2 spell: Song of Slaying
   148 | D:1      | Learned a level 2 spell: Shroud of Golubria
   152 | D:1      | Learned a level 3 spell: Spectral Weapon
   161 | D:2      | Reached skill level 5 in Spellcasting
   199 | D:2      | Reached skill level 1 in Invocations
   260 | D:2      | Reached skill level 1 in Short Blades
   260 | D:2      | Reached skill level 1 in Long Blades
   260 | D:2      | Reached skill level 1 in Maces & Flails
   260 | D:2      | Reached skill level 1 in Polearms
   260 | D:2      | Reached skill level 1 in Staves
   260 | D:2      | Reached skill level 1 in Slings
   260 | D:2      | Reached skill level 1 in Bows
   260 | D:2      | Reached skill level 1 in Crossbows
   260 | D:2      | Reached skill level 1 in Throwing
   260 | D:2      | Reached skill level 1 in Stealth
   260 | D:2      | Reached skill level 1 in Shields
   260 | D:2      | Reached skill level 1 in Unarmed Combat
   260 | D:2      | Reached skill level 1 in Evocations
   315 | D:3      | Found a shattered altar of Ashenzari.
   321 | D:3      | Reached XP level 4. HP: 38/38 MP: 7/11
   322 | D:3      | Noticed Grinder
   349 | D:3      | Killed Grinder
   349 | D:3      | Reached skill level 3 in Armour
   349 | D:3      | Reached skill level 1 in Conjurations
   349 | D:3      | Reached skill level 1 in Hexes
   349 | D:3      | Reached skill level 1 in Summonings
   349 | D:3      | Reached skill level 1 in Necromancy
   349 | D:3      | Reached skill level 1 in Translocations
   349 | D:3      | Reached skill level 1 in Transmutations
   349 | D:3      | Reached skill level 1 in Fire Magic
   349 | D:3      | Reached skill level 1 in Ice Magic
   349 | D:3      | Reached skill level 1 in Air Magic
   349 | D:3      | Reached skill level 1 in Earth Magic
   349 | D:3      | Reached skill level 1 in Poison Magic
   349 | D:3      | Reached skill level 2 in Invocations
   349 | D:3      | Reached XP level 5. HP: 33/43 MP: 2/12
   349 | D:3      | Reached XP level 6. HP: 39/50 MP: 2/13
   382 | D:3      | Reached skill level 5 in Fighting
   382 | D:3      | Reached skill level 2 in Short Blades
   382 | D:3      | Reached skill level 2 in Long Blades
   382 | D:3      | Reached skill level 5 in Axes
   382 | D:3      | Reached skill level 2 in Maces & Flails
   382 | D:3      | Reached skill level 2 in Polearms
   382 | D:3      | Reached skill level 2 in Staves
   382 | D:3      | Reached skill level 2 in Slings
   382 | D:3      | Reached skill level 2 in Bows
   382 | D:3      | Reached skill level 2 in Crossbows
   382 | D:3      | Reached skill level 2 in Throwing
   382 | D:3      | Reached skill level 5 in Dodging
   382 | D:3      | Reached skill level 2 in Stealth
   382 | D:3      | Reached skill level 2 in Shields
   382 | D:3      | Reached skill level 2 in Unarmed Combat
   382 | D:3      | Reached skill level 2 in Evocations
   407 | D:4      | Got a scorched iron ring
   409 | D:4      | Identified the ring of Luunweamn {rF+ rC+} (You found it on level 4 of the Dungeon)
   448 | D:3      | Reached XP level 7. HP: 36/56 MP: 2/15
   511 | D:5      | Entered Level 5 of the Dungeon
   621 | D:4      | Reached skill level 2 in Conjurations
   621 | D:4      | Reached skill level 2 in Hexes
   621 | D:4      | Reached skill level 2 in Summonings
   621 | D:4      | Reached skill level 2 in Necromancy
   621 | D:4      | Reached skill level 2 in Translocations
   621 | D:4      | Reached skill level 2 in Transmutations
   621 | D:4      | Reached skill level 2 in Fire Magic
   621 | D:4      | Reached skill level 2 in Ice Magic
   621 | D:4      | Reached skill level 2 in Air Magic
   621 | D:4      | Reached skill level 2 in Earth Magic
   621 | D:4      | Reached skill level 2 in Poison Magic
   845 | D:5      | Reached skill level 3 in Invocations
   910 | D:5      | Reached skill level 6 in Charms
   910 | D:5      | Reached XP level 8. HP: 60/63 MP: 13/16
  1027 | D:5      | Reached skill level 4 in Armour
  1030 | D:5      | Reached skill level 3 in Short Blades
  1030 | D:5      | Reached skill level 3 in Long Blades
  1030 | D:5      | Reached skill level 3 in Maces & Flails
  1030 | D:5      | Reached skill level 3 in Polearms
  1030 | D:5      | Reached skill level 3 in Staves
  1030 | D:5      | Reached skill level 3 in Slings
  1030 | D:5      | Reached skill level 3 in Bows
  1030 | D:5      | Reached skill level 3 in Crossbows
  1030 | D:5      | Reached skill level 3 in Throwing
  1030 | D:5      | Reached skill level 3 in Stealth
  1030 | D:5      | Reached skill level 3 in Shields
  1030 | D:5      | Reached skill level 3 in Unarmed Combat
  1030 | D:5      | Reached skill level 3 in Evocations
  1033 | D:5      | Got a transparent leather armour
  1047 | D:5      | Identified the +2 leather armour "Qycorigach" {Regen+} (You took it off an orc on level 5 of the Dungeon)
  1048 | D:5      | Found a shimmering altar of Xom.
  1146 | D:5      | Reached skill level 6 in Spellcasting
  1339 | D:7      | Found a flagged portal.
  1347 | Bailey   | Entered a bailey
  1534 | D:7      | Reached skill level 3 in Conjurations
  1534 | D:7      | Reached skill level 3 in Hexes
  1534 | D:7      | Reached skill level 3 in Summonings
  1534 | D:7      | Reached skill level 3 in Necromancy
  1534 | D:7      | Reached skill level 3 in Translocations
  1534 | D:7      | Reached skill level 3 in Transmutations
  1534 | D:7      | Reached skill level 3 in Fire Magic
  1534 | D:7      | Reached skill level 3 in Ice Magic
  1534 | D:7      | Reached skill level 3 in Air Magic
  1534 | D:7      | Reached skill level 3 in Earth Magic
  1534 | D:7      | Reached skill level 3 in Poison Magic
  1534 | D:7      | Reached skill level 4 in Invocations
  1541 | D:7      | Found a radiant altar of Vehumet.
  1552 | D:7      | Reached skill level 6 in Fighting
  1552 | D:7      | Reached skill level 6 in Axes
  1552 | D:7      | Reached skill level 6 in Dodging
  1552 | D:7      | Reached XP level 9. HP: 68/69 MP: 18/18
  1603 | D:6      | Noticed tidbits's ghost (amateur GnSk)
  1621 | D:6      | Killed tidbits's ghost
  1731 | D:6      | Reached skill level 4 in Short Blades
  1731 | D:6      | Reached skill level 4 in Long Blades
  1731 | D:6      | Reached skill level 4 in Maces & Flails
  1731 | D:6      | Reached skill level 4 in Polearms
  1731 | D:6      | Reached skill level 4 in Staves
  1731 | D:6      | Reached skill level 4 in Slings
  1731 | D:6      | Reached skill level 4 in Bows
  1731 | D:6      | Reached skill level 4 in Crossbows
  1731 | D:6      | Reached skill level 4 in Throwing
  1731 | D:6      | Reached skill level 4 in Stealth
  1731 | D:6      | Reached skill level 4 in Shields
  1731 | D:6      | Reached skill level 4 in Unarmed Combat
  1731 | D:6      | Reached skill level 4 in Evocations
  1776 | D:6      | Found an ornate altar of the Wu Jian Council.
  1776 | D:6      | Found a glowing golden altar of the Shining One.
  1892 | D:7      | Quit the game

Skill      XL: |  1  2  3  4  5  6  7  8  9 |
---------------+----------------------------+-----
Spellcasting   | 5 6 |  6.5
Invocations    | 1 2 3 4 |  4.5
Short Blades   | 1 2 3 4 |  4.0
Long Blades    | 1 2 3 4 |  4.0
Maces & Flails | 1 2 3 4 |  4.0
Polearms       | 1 2 3 4 |  4.0
Staves         | 1 2 3 4 |  4.0
Slings         | 1 2 3 4 |  4.0
Bows           | 1 2 3 4 |  4.0
Crossbows      | 1 2 3 4 |  4.0
Throwing       | 1 2 3 4 |  4.0
Stealth        | 1 2 3 4 |  4.0
Shields        | 1 2 3 4 |  4.0
Unarmed Combat | 1 2 3 4 |  4.0
Evocations     | 1 2 3 4 |  4.0
Armour         | 3 4 |  4.9
Conjurations   | 1 2 3 |  3.3
Hexes          | 1 2 3 |  3.3
Summonings     | 1 2 3 |  3.3
Necromancy     | 1 2 3 |  3.3
Translocations | 1 2 3 |  3.3
Transmutations | 1 2 3 |  3.3
Fire Magic     | 1 2 3 |  3.3
Ice Magic      | 1 2 3 |  3.3
Air Magic      | 1 2 3 |  3.3
Earth Magic    | 1 2 3 |  3.3
Poison Magic   | 1 2 3 |  3.3
Fighting       | 5 6 |  6.2
Axes           | 5 6 |  6.2
Dodging        | 5 6 |  6.2
Charms         | 6 |  6.4

Action                   |  1- 3 |  4- 6 |  7- 9 || total
-------------------------+-------+-------+-------++-------
Melee: Hand axe          |    40 |    33 |    28 ||   101
       Bite              |     1 |     2 |    24 ||    27
       Punch             |     1 |       |     3 ||     4
       Flail             |       |       |    82 ||    82
       War axe           |       |       |   111 ||   111
Throw: Tomahawk          |       |       |     2 ||     2
 Cast: Infusion          |     2 |       |       ||     2
       Spectral Weapon   |     5 |     5 |    30 ||    40
       Song of Slaying   |     3 |     2 |    15 ||    20
       Regeneration      |     3 |       |    10 ||    13
       Shroud of Golubri |       |     3 |    10 ||    13
Evoke: Wand              |       |       |     5 ||     5
  Use: Scroll            |       |       |    12 ||    12
       Potion            |       |       |     2 ||     2
 Stab: Sleeping          |     1 |       |     4 ||     5
       Distracted        |       |       |     2 ||     2
  Eat: Chunk             |       |       |     7 ||     7
Armor: Leather armour    |     5 |     9 |    67 ||    81
Dodge: Dodged            |    30 |    20 |   146 ||   196

Table legend:
 A = Turns spent in this place as a percentage of turns spent in the entire game.
 B = Non-inter-level travel turns spent in this place as a percentage of non-inter-level travel turns spent in the entire game.
 C = Inter-level travel turns spent in this place as a percentage of turns spent in this place.
 D = Turns resting spent in this place as a percentage of non-inter-level travel turns spent in this place.
 E = Turns spent auto-exploring this place as a percentage of non-inter-level travel turns spent in this place.
 F = Non-inter-level travel turns spent in this place divided by the number of levels of this place that you've seen.
                   A       B       C       D       E      F
               +-------+-------+-------+-------+-------+----------------------
         Total | 100.0 | 100.0 |   0.8 |   0.0 |   0.0 | 234.6
       Dungeon |  99.8 |  99.8 |   0.8 |   0.0 |   0.0 | 267.7
        Bailey |   0.2 |   0.2 |   0.0 |   0.0 |   0.0 |   3.0
               +-------+-------+-------+-------+-------+----------------------

Table legend:
 A = Kills in this place as a percentage of kills in entire the game.
 B = Kills by you in this place as a percentage of kills by you in the entire game.
 C = Kills by friends in this place as a percentage of kills by friends in the entire game.
 D = Other kills in this place as a percentage of other kills in the entire game.
 E = Experience gained in this place as a percentage of experience gained in the entire game.
 F = Experience gained in this place divided by the number of levels of this place that you have seen.
                   A       B       C       D       E      F
               +-------+-------+-------+-------+-------+----------------------
         Total | 100.0 | 100.0 |   N/A |   N/A | 100.0 | 389.0
       Dungeon | 100.0 | 100.0 |   N/A |   N/A | 100.0 | 444.6
               +-------+-------+-------+-------+-------+----------------------

Vault maps used:
D:1:      dpeg_arrival_simpleton_a
D:3:      nicolae_overflow_crystal_walls, lemuel_doored_altar, first_ration,
          roderic_nine_men_s_morris, bh_walls_and_bars, uniq_sigmund,
          uniq_crazy_yiuf_cottage, uniq_grinder
D:4:      lemuel_zombie_altar_kikubaaqudgha, kennysheep_okawaru_gauntlet
D:5:      grunt_temple_overflow_open, basic_altar, uniq_pikel
D:6:      gammafunk_temple_overflow_wave
D:7:      cheibrodos_worm_habitat, minmay_temple_entry_fiery, basic_altar,
          enter_bailey_3
Bailey:   bailey_polearm_2, bailey
